 Dungeon Crawl Stone Soup version 0.17.0-9-g801d43b (console) character file.

280 Kloppie the Insei (level 6, -5/38 HPs)
             Began as an Octopode Transmuter on Nov 10, 2015.
             Was an Initiate of Makhleb.
             Slain by an ice beast (8 damage)
             ... on level 5 of the Dungeon.
             The game lasted 00:09:20 (4003 turns).

Kloppie the Insei (Octopode Transmuter)             Turns: 4003, Time: 00:09:20

Health: -5/38      AC:  2    Str: 12    XL:     6   Next: 27%
Magic:  8/9        EV: 13    Int: 15    God:    Makhleb [......]
Gold:   117        SH:  0    Dex: 12    Spells: 3 memorised, 3 levels left

rFire  . . .     SeeInvis .       - Unarmed
rCold  . . .     Clarity  .     (no shield)
rNeg   . . .     SustAt   .     (helmet restricted)
rPois  .         Gourm    .     u - amulet of stasis
rElec  .         Spirit   .     r - ring of protection from magic
rCorr  .         Warding  .     v - +1 ring of protection
rMut   .         Stasis   +     (no ring)
MR     +....                    (no ring)
Stlth  ++........               (no ring)
                                (no ring)
                                (no ring)
                                (no ring)

@: appendage, somewhat resistant to hostile enchantments, unstealthy
A: almost no armour, amphibious, 8 rings, constrict 8, tentacle spike 3,
camouflage 1, gelatinous body 1
a: End Transformation, Renounce Religion


You were on level 5 of the Dungeon.
You worshipped Makhleb.
Makhleb was noncommittal.
You were very hungry.
One of your tentacles had a temporary spike.
You visited 2 branches of the dungeon, and saw 6 of its levels.

You collected 117 gold pieces.

Inventory:

Missiles
 a - 56 arrows
Jewellery
 r - a ring of protection from magic (left tentacle)
 u - an amulet of stasis (around mantle)
 v - a +1 ring of protection (right tentacle)
Scrolls
 d - 6 scrolls of remove curse {unknown}
 e - 4 scrolls of identify {unknown}
 g - a scroll of teleportation {unknown}
 h - 2 scrolls of amnesia {unknown}
 i - a scroll of blinking {unknown}
 n - a scroll of immolation {unknown}
 o - a scroll of enchant weapon {unknown}
 s - a scroll of magic mapping {unknown}
Potions
 f - 2 potions of haste {unknown}
 j - a potion of resistance {unknown}
 k - 3 potions of curing {unknown}
 l - 2 potions of might {unknown}
 m - 2 potions of invisibility {unknown}
 q - 2 potions of heal wounds {unknown}
 t - 2 potions of magic {unknown}
Books
 b - a book of Changes

   Spells                             Type                      Level
   a - Beastly Appendage              Transmutation                1
   b - Sticks to Snakes               Transmutation                2
   c - Spider Form                    Transmutation/Poison         3
   d - Ice Form                       Ice/Transmutation            4
   e - Blade Hands                    Transmutation                5
Comestibles
 c - a bread ration
 p - a slice of pizza


   Skills:
 - Level 1.0 Fighting
 + Level 3.7 Dodging
 + Level 4.6 Unarmed Combat
 - Level 2.2 Spellcasting
 + Level 4.0 Transmutations


You had 3 spell levels left.
You knew the following spells:

 Your Spells              Type           Power        Failure   Level  Hunger
a - Beastly Appendage     Trmt           ##....       4%          1    #......
b - Sticks to Snakes      Trmt           ##........   8%          2    ###....
c - Spider Form           Trmt/Pois      #.........   30%         3    ###....


Dungeon Overview and Level Annotations

Branches:
Dungeon (5/15)             Temple (1/1) D:4

Altars:
Ashenzari
Fedhas
Gozag
Makhleb
Nemelex Xobeh
Okawaru
Qazlal
Ru
Trog
Xom
Zin

Annotations:
D:3 donomii's ghost, amateur DEAK


Innate Abilities, Weirdness & Mutations

You cannot wear most types of armour.
You are amphibious.
You can wear up to eight rings at the same time.
You can use your tentacles to constrict eight enemies at once.
Your skin changes colour to match your surroundings (Stealth).
Your rubbery body absorbs attacks (AC +1).
One of your tentacles bears a large vicious spike.


Message History

Casting: Sticks to Snakes
Confirm with . or Enter, or press ? or * to list all spells.
One of your tentacles grows a vicious spike.
The ice beast closely misses you.
You closely miss the ice beast.
You pierce the ice beast, but do no damage.
The ice beast is moderately wounded.
The ice beast closely misses you.
You closely miss the ice beast.
The ice beast is moderately wounded.
The ice beast closely misses you.
You closely miss the ice beast.
The ice beast is moderately wounded.
The ice beast barely misses you.
You tentacle-slap the ice beast but do no damage.
The ice beast is moderately wounded.
The ice beast hits you.
* * * LOW HITPOINT WARNING * * *
The ice beast freezes you!
You die...

##..##..
....#.## #
#......###.#
#....(.....#
#%......#..
#..........
#.#.#.#
#Y...#
#@#.###.#...
#...........
#.#.###.#...
#.#.#
#######^#.#
..........#
######.#.#
#<#...
#.#.###


You could see an ice beast.

Vanquished Creatures
  2 ogres (D:4)
  A hound (D:4)
  An iguana (D:4)
  4 adders
  4 worms
  2 giant geckos
  6 bats
  2 giant cockroaches
  7 goblins
  2 hobgoblins
  7 jackals
  4 kobolds
  A quokka (D:4)
  2 ball pythons
  4 giant newts
  9 rats
58 creatures vanquished.

Vanquished Creatures (others)
  A fungus (D:4)
1 creature vanquished.

Grand Total: 59 creatures vanquished

Notes
Turn   | Place    | Note
--------------------------------------------------------------
     0 | D:1      | Kloppie the Octopode Transmuter began the quest for the Orb.
     0 | D:1      | Reached XP level 1. HP: 13/13 MP: 3/3
   301 | D:1      | Reached XP level 2. HP: 18/18 MP: 5/5
   633 | D:1      | Learned a level 2 spell: Sticks to Snakes
  1004 | D:2      | Reached XP level 3. HP: 8/23 MP: 6/6
  1269 | D:2      | Noticed a moth of wrath
  1271 | D:2      | Found a bloodstained altar of Trog.
  1848 | D:3      | Noticed donomii's ghost (amateur DEAK)
  1872 | D:2      | Learned a level 3 spell: Spider Form
  2079 | D:3      | Found a shattered altar of Ashenzari.
  2246 | D:3      | Reached XP level 4. HP: 24/28 MP: 7/7
  2434 | D:4      | Found a stormy altar of Qazlal.
  2440 | D:4      | Found a blossoming altar of Fedhas.
  2469 | D:4      | Noticed an ogre
  2627 | D:4      | Found a staircase to the Ecumenical Temple.
  2637 | Temple   | Entered the Ecumenical Temple
  2844 | D:4      | Noticed an ogre
  2896 | D:4      | Killed an ogre
  2896 | D:4      | Reached skill level 4 in Unarmed Combat
  2896 | D:4      | Reached XP level 5. HP: 33/33 MP: 1/8
  3026 | D:4      | Found a burning altar of Makhleb.
  3045 | D:4      | Became a worshipper of Makhleb the Destroyer
  3493 | D:4      | Killed an ogre
  3493 | D:4      | Reached XP level 6. HP: 38/38 MP: 2/9
  3981 | D:5      | Entered Level 5 of the Dungeon
  4003 | D:5      | Slain by an ice beast

Action                   |  1- 3 |  4- 6 || total
-------------------------+-------+-------++-------
Melee: Unarmed           |    88 |    57 ||   145
 Cast: Sticks to Snakes  |       |     9 ||     9
       Beastly Appendage |       |     1 ||     1
 Stab: Sleeping          |    10 |     2 ||    12
       Distracted        |     1 |       ||     1
  Eat: Chunk             |     4 |     4 ||     8
       Fruit             |       |     1 ||     1
